 Dungeon Crawl Stone Soup version 0.29-a0-1033-gb6c65ffae6 (webtiles) character file.

Game seed: 14922922416608160261

5324 flyleaff the Thaumaturge (level 10, -7/56 HPs)
             Began as a Deep Elf Conjurer on Aug 13, 2022.
             Was a Follower of Qazlal.
             Mangled by a wyvern (8 damage)
             ... on level 9 of the Dungeon on Aug 14, 2022.
             The game lasted 00:35:32 (8956 turns).

flyleaff the Thaumaturge (Deep Elf Conjurer)        Turns: 8956, Time: 00:35:33

Health: -7/56      AC:  4    Str:  4    XL:     10   Next: 38%
Magic:  20/23      EV: 14    Int: 28    God:    Qazlal [*.....]
Gold:   463        SH:  2    Dex: 13    Spells: 3/29 levels left

rFire   . . .      SeeInvis .   h - +4 flail (holy)
rCold   . . .      Faith    .   (no shield)
rNeg    . . .      Spirit   .   a - +0 robe
rPois   .          Reflect  .   (no helmet)
rElec   .          Harm     .   o - +0 cloak
rCorr   .          Rampage  .   (no gloves)
Will    ++...      Clarity  +   c - +0 pair of boots
Stlth   ++........              (no amulet)
HPRegen 0.98/turn               i - ring of willpower
MPRegen 0.18/turn               (no ring)

@: no status effects
A: clarity, low MP 1, regeneration 1
a: Renounce Religion


You were on level 9 of the Dungeon.
You worshipped Qazlal.
Qazlal was aware of your devotion.
You visited 1 branch of the dungeon, and saw 9 of its levels.

You collected 463 gold pieces.

Inventory:

Hand Weapons
 h - a +4 flail of holy wrath (weapon)
 w - a +0 dagger of venom
Missiles
 r - 37 poisoned darts (quivered)
Armour
 a - a +0 robe (worn)
 c - a +0 pair of boots (worn)
 g - the -2 helmet "Rupe" {+Blink rPois rCorr Str-4 SInv}
   (You found it on level 6 of the Dungeon)

   Str:       It affects your strength (-4).
   rPois:     It protects you from poison.
   SInv:      It lets you see invisible.
   +Blink:    It lets you blink.
   rCorr:     It protects you from acid and corrosion.
 o - a +0 cloak (worn)
 x - a +0 troll leather armour
Magical Staves
 l - a staff of death
Jewellery
 i - a ring of willpower (left hand)
Wands
 p - a wand of light (11)
 u - a wand of charming (27)
 v - a wand of digging (9)
Scrolls
 f - 2 scrolls of fog
 j - 4 scrolls of teleportation
 n - a scroll of fear
 t - 2 scrolls of identify
 y - 2 scrolls of silence
Potions
 b - a potion of magic
 d - 3 potions of curing
 k - a potion of lignification
 q - a potion of haste
 s - 2 potions of flight


   Skills:
 + Level 3.4 Fighting
 + Level 3.5 Armour
 - Level 5.7 Dodging
 - Level 2.4 Stealth
 + Level 10.1 Spellcasting
 + Level 9.2 Conjurations
 - Level 4.0 Hexes
 - Level 3.6 Necromancy
 - Level 5.3 Translocations
 - Level 4.4 Fire Magic
 * Level 2.4 Earth Magic


You had 3 spell levels left.
You knew the following spells:

 Your Spells              Type           Power      Damage    Failure   Level
a - Magic Dart            Conj           100%       1d8       1%          1
b - Searing Ray           Conj           100%       2d8       1%          2
c - Iskenderun's Mystic   Conj/Tloc      53%        2d11      1%          4
d - Dazzling Flash        Conj/Hex       100%       N/A       1%          3
e - Tukima's Dance        Hex            36%        N/A       2%          3
f - Agony                 Necr           34%        N/A       26%         5
g - Flame Wave            Conj/Fire      51%        2d13      2%          4
h - Leda's Liquefaction   Hex/Erth       16%        N/A       11%         4

Your spell library contained the following spells:

 Spells                   Type           Power      Damage    Failure   Level
 Foxfire                  Conj/Fire      100%       2x1d9     1%          1
 Conjure Flame            Conj/Fire      51%        6-21      1%          3
 Inner Flame              Hex/Fire       37%        N/A       1%          3
 Portal Projectile        Hex/Tloc       80%        N/A       1%          3
 Ensorcelled Hibernation  Hex/Ice        50%        N/A       2%          2
 Passwall                 Tmut/Erth      17%        N/A       3%          2
 Summon Small Mammal      Summ           56%        N/A       4%          1
 Call Canine Familiar     Summ           14%        N/A       12%         3
 Swiftness                Air            14%        N/A       12%         3
 Fulminant Prism          Conj/Hex       25%        3d14      2%          4
 Hailstorm                Conj/Ice       40%        3d10      6%          4
 Irradiate                Conj/Tmut      20%        3d18      16%         5
 Summon Ice Beast         Ice/Summ       14%        N/A       36%         4
 Lee's Rapid Deconstruct  Erth           13%        3d10*     38%         5
 Silence                  Hex/Air        12%        N/A       43%         5
 Summon Mana Viper        Hex/Summ       25%        N/A       43%         5
 Blade Hands              Tmut           7%         N/A       73%         5
 Statue Form              Tmut/Erth      14%        N/A       98%         6
 Monstrous Menagerie      Summ           7%         N/A       100%        7
 Chain Lightning          Conj/Air       20%        3d26      100%        9


Dungeon Overview and Level Annotations

Branches:
Dungeon (9/15)             Temple (0/1) D:7
   Lair: D:8-11         Orc: D:9-12

Altars:
Dithmenos
Elyvilon
Fedhas
Makhleb
Qazlal
Ru
Sif Muna
Trog
Wu Jian
Xom
Yredelemnul
The Shining One

Shops:
D:4 (


Innate Abilities, Weirdness & Mutations

You possess an exceptional clarity of mind.
Your magical capacity is low. (-10% MP)
Your natural rate of healing is unusually fast.


Message History

There is a stone staircase leading up here.
As you read the scroll of magic mapping, it crumbles to dust.
You feel aware of your surroundings.
You sensed 1 altar, and 1 shop/portal.
A wyvern comes into view.
The wyvern hisses angrily.
The wyvern misses you.
You hit the wyvern.
The wyvern is lightly wounded.
The wyvern bites you but does no damage.
The wyvern barely misses you.
You hit the wyvern.
The wyvern is lightly wounded.
The wyvern bites you! You block the wyvern's attack.
You hit the wyvern.
The wyvern is moderately wounded.
The wyvern closely misses you. The wyvern bites you!
You thump the wyvern!
The wyvern is severely wounded.
The wyvern misses you. The wyvern bites you!
You barely miss the wyvern.
The wyvern is severely wounded.
The wyvern closely misses you. The wyvern bites you! x2
* * * LOW HITPOINT WARNING * * *
You are too injured to fight recklessly!
You are too injured to fight recklessly!
Casting: Searing Ray (safe; 1% risk of failure)
Confirm with . or Enter, or press ? or * to list all spells.
Aiming: Searing Ray (safe; 1% risk of failure)
Press: ? - help, Shift-Dir - straight line, f - wyvern
Aim: a wyvern (severely wounded, 83% to hit)
The searing ray hits the wyvern but does no damage.
The wyvern is severely wounded. (Press . to maintain the ray.)
The wyvern bites you but does no damage.
The searing ray hits the wyvern.
The wyvern is severely wounded.
The wyvern bites you!
* * * LOW HITPOINT WARNING * * *
The wyvern bites you!
You die...

* ########## * #........# **** *
#......[.# *,,, *
******######........# ***,,,
******,,,,,........<....$#**,,,,,
,**,,,,*****#####..........,,,,,,
,,,,**** #####.....#####,**,,,
,**** #......##>$...,,***** ,**
#...@☼.#*..###*** ,,*
*****#...l..#*..#
*,******,........$.....#
,_,,,,,,,####......###.# ****
*,*******,,........#**,* **,,,
,,* ***,###.......,,,* *,,**
,,*****,,,* #......##,,******,***
,,,*,,,,*** #......#*,,,,,,,,,* *
,,,,,**** **,*****,,,,,,********


You could see a wyvern.

Vanquished Creatures
  A troll (D:8)
  A wraith (D:6)
  A ynoxinul (D:8)
  12 yaks (D:8)
  A basilisk (D:8)
  A steam dragon (D:7)
  Edmund (D:6)
  2 water moccasins (D:8)
  Duvessa (D:7)
  A black bear (D:6)
  2 sky beasts
  An ice beast (D:5)
  2 centaurs
  3 phantoms
  3 kobold brigands
  4 bullfrogs
  2 scorpions
  A gnoll sergeant (D:5)
  Dowan (D:7)
  2 howler monkeys
  4 orc priests
  4 hounds
  A jelly (D:4)
  A gnoll bouda (D:5)
  5 iguanas
  2 orc wizards
  13 gnolls
  6 adders
  5 shadow imps
  A white imp (D:5)
  An ufetubus (D:6)
  A worm (D:2)
  2 dart slugs (D:1)
  21 orcs
  5 bats
  6 endoplasms
  5 giant cockroaches
  14 goblins
  13 hobgoblins
  4 jackals
  6 quokkas
  11 ball pythons
  3 frilled lizards (D:2)
  29 kobolds
  6 rats
212 creatures vanquished.

Vanquished Creatures (collateral kills)
  A centaur (D:8)
1 creature vanquished.

Vanquished Creatures (others)
  2 dancing weapons (D:7)
  44 plants
46 creatures vanquished.

Grand Total: 259 creatures vanquished

Notes
Turn   | Place    | Note
-------+----------+-------------------------------------------
     0 | D:1      | flyleaff the Deep Elf Conjurer began the quest for the Orb.
     0 | D:1      | Reached XP level 1. HP: 10/10 MP: 6/6
   250 | D:1      | Reached XP level 2. HP: 15/15 MP: 6/8
   253 | D:1      | Learned a level 2 spell: Searing Ray
   479 | D:1      | Reached skill level 4 in Spellcasting
   590 | D:1      | Reached skill level 5 in Conjurations
   590 | D:1      | Reached XP level 3. HP: 19/19 MP: 8/10
  1081 | D:1      | Reached XP level 4. HP: 24/24 MP: 10/12
  1622 | D:2      | Found a faded altar of an unknown god.
  1995 | D:2      | Identified the +9 short sword of Immorality {vorpal,
                  | Stlth+}
  2157 | D:2      | Learned a level 4 spell: Iskenderun's Mystic Blast
  2203 | D:3      | Reached skill level 5 in Spellcasting
  2716 | D:3      | Gained mutation: You possess an exceptional clarity of
                  | mind. [potion of mutation]
  2716 | D:3      | Gained mutation: Your natural rate of healing is unusually
                  | fast. [potion of mutation]
  2716 | D:3      | Gained mutation: Your magical capacity is low. (-10% MP)
                  | [potion of mutation]
  3172 | D:4      | Reached skill level 1 in Translocations
  3172 | D:4      | Reached XP level 5. HP: 25/28 MP: 7/13
  3322 | D:4      | Found Akouzxao's Weapon Shop.
  3448 | D:4      | Reached XP level 6. HP: 15/32 MP: 15/15
  3671 | D:4      | Upgraded the game from 0.29-a0-1027-gcd8c55af63 to
                  | 0.29-a0-1033-gb6c65ffae6
  3745 | D:4      | Reached skill level 6 in Spellcasting
  4103 | D:5      | Entered Level 5 of the Dungeon
  4311 | D:5      | Learned a level 3 spell: Dazzling Flash
  4318 | D:5      | Noticed an ice beast
  4327 | D:5      | Reached XP level 7. HP: 23/36 MP: 13/16
  4726 | D:5      | Reached skill level 5 in Dodging
  4781 | D:5      | Reached skill level 7 in Spellcasting
  5172 | D:5      | Reached XP level 8. HP: 39/41 MP: 7/19
  5246 | D:5      | Found a sacrificial altar of Ru.
  5248 | D:5      | Found a blossoming altar of Fedhas.
  5256 | D:5      | Found a stormy altar of Qazlal.
  5257 | D:5      | Found a shadowy altar of Dithmenos.
  5257 | D:5      | Found a shimmering altar of Xom.
  5257 | D:5      | Found a glowing golden altar of the Shining One.
  5259 | D:5      | Found a basalt altar of Yredelemnul.
  5260 | D:5      | Found a white marble altar of Elyvilon.
  5271 | D:5      | Became a worshipper of Qazlal Stormbringer
  5620 | D:6      | Learned a level 3 spell: Tukima's Dance
  5626 | D:6      | Learned a level 5 spell: Agony
  5669 | D:6      | Reached skill level 1 in Hexes
  5669 | D:6      | Reached skill level 1 in Necromancy
  5909 | D:6      | Learned a level 4 spell: Flame Wave
  6236 | D:6      | Noticed Edmund
  6251 | D:6      | Killed Edmund
  6252 | D:6      | Reached skill level 8 in Spellcasting
  6252 | D:6      | Reached skill level 5 in Translocations
  6537 | D:6      | Identified the -2 helmet "Rupe" {+Blink rPois rCorr Str-4
                  | SInv}
  6657 | D:6      | Found an ornate altar of the Wu Jian Council.
  6861 | D:7      | Reached * piety under Qazlal
  6915 | D:7      | Reached skill level 1 in Fire Magic
  6915 | D:7      | Reached XP level 9. HP: 33/45 MP: 21/21
  6917 | D:7      | Got the Meditations on Conjury
  7162 | D:7      | Noticed Dowan
  7163 | D:7      | Noticed Duvessa
  7175 | D:7      | Killed Dowan
  7179 | D:7      | Killed Duvessa
  7180 | D:7      | Reached skill level 1 in Armour
  7181 | D:7      | Reached skill level 1 in Fighting
  7280 | D:7      | Found a staircase to the Ecumenical Temple.
  7489 | D:7      | Found a burning altar of Makhleb.
  7946 | D:8      | Identified the +1 ring mail of the Depths {Will+}
  7980 | D:8      | Reached skill level 9 in Spellcasting
  8128 | D:8      | Learned a level 4 spell: Leda's Liquefaction
  8251 | D:8      | Reached XP level 10. HP: 25/55 MP: 6/23
  8577 | D:8      | Found a bloodstained altar of Trog.
  8588 | D:8      | Found a shimmering blue altar of Sif Muna.
  8592 | D:8      | Got Sif Muna's Parchment of Too Many Cooks
  8766 | D:8      | Reached skill level 10 in Spellcasting
  8766 | D:8      | Reached skill level 1 in Earth Magic
  8956 | D:9      | HP: 1/56 [wyvern (11)]
  8956 | D:9      | Mangled by a wyvern

Illustrated notes

Levels and vault maps discovered:
D:1:      dpeg_arrival_prison, layout_rooms, minmay_tall_x
D:2:      layout_basic, chequers_ecumenical_altar_simple
D:3:      layout_loops_ring, hangedman_abyss_or_decor_stabs, serial_bayou_pond_b
D:4:      layout_basic, serial_shops, shop, serial_bayou_lagoon_a
D:5:      layout_basic, minitemple, nicolae_grassy_gnolls
D:6:      corexii_shack_village, layout_rooms, general_overflow_altar,
          uniq_edmund
D:7:      layout_basic, pf_just_have_faith, minmay_temple_entry_glassed_door,
          uniq_duvessa
D:8:      layout_basic, nzn_overflow_gifts_of_might_and_magic
D:9:      layout_rooms, lemuel_crystal_altar, enter_bailey_2

Skill      XL: |  1  2  3  4  5  6  7  8  9 10 |
---------------+-------------------------------+-----
Spellcasting   | 4 5 6 7 8 9 10 | 10.1
Conjurations   | 5 6 7 8 9 |  9.2
Translocations | 1 2 3 4 5 |  5.3
Dodging        | 3 4 5 |  5.7
Hexes          | 4 |  4.0
Necromancy     | 3 |  3.6
Fire Magic     | 1 4 |  4.4
Armour         | 2 3 |  3.5
Fighting       | 2 3 |  3.4
Earth Magic    | 2 |  2.4
Stealth        | |  2.4

Action                   |  1- 3 |  4- 6 |  7- 9 | 10-12 || total
-------------------------+-------+-------+-------+-------++-------
Melee: Dagger            |       |    22 |    29 |       ||    51
       Punch             |       |     2 |     1 |       ||     3
       Flail             |       |       |    88 |    15 ||   103
 Cast: Magic Dart        |    79 |   123 |   102 |     8 ||   312
       Searing Ray       |       |     8 |    30 |     7 ||    45
       Iskenderun's Myst |       |     2 |       |       ||     2
       Dazzling Flash    |       |     1 |     4 |       ||     5
       Tukima's Dance    |       |       |    14 |       ||    14
       Flame Wave        |       |       |     2 |     1 ||     3
       Leda's Liquefacti |       |       |     1 |       ||     1
  Use: Scroll            |       |     8 |    10 |     2 ||    20
       Potion            |       |     1 |     3 |       ||     4
 Stab: Invisible         |       |       |     1 |       ||     1
       Sleeping          |       |       |     1 |       ||     1
Armor: Robe              |     5 |     5 |    46 |     8 ||    64
Dodge: Dodged            |     8 |    25 |   150 |    22 ||   205
Block: Other             |       |       |     7 |     2 ||     9

Table legend: (Time is in decaauts)
 A = Elapsed time spent in this place.
 B = Non-inter-level travel time spent in this place.
 C = Inter-level travel time spent in this place.
 D = Time resting spent in this place.
 E = Time spent auto-exploring this place.
 F = Levels seen in this place.
 G = Mean time per level.
                   A        B        C        D        E       F      G
               +--------+--------+--------+--------+--------+-----+--------+
         Total |   9014 |   8597 |    417 |     57 |   7166 |   9 | 1001.6 |
       Dungeon |   9014 |   8597 |    417 |     57 |   7166 |   9 | 1001.6 |
               +--------+--------+--------+--------+--------+-----+--------+

Top non-repeatable levels by time:
     D:5: 1466 daAuts
     D:8: 1296 daAuts
     D:6: 1215 daAuts
     D:1: 1150 daAuts
     D:2: 1037 daAuts
     D:4: 989 daAuts
     D:3: 937 daAuts
     D:7: 907 daAuts
     D:9: 13 daAuts
